Pick #1

Connor Bedard
Pick #2

Leo Carlsson
Pick #3

Adam Fantilli
Pick #4

Matvei Michkov
Pick #5

David Reinbacher
Pick #6

William Smith
Pick #7

Zachary Benson
Pick #8

Ryan Leonard
Pick #9

Gabriel Perreault
Pick #10

Axel Sandin-Pellika
Pick #11

Daniil But
Pick #12

Dalibor Dvorsky
Pick #13

Quentin Musty
Pick #14

Brayden Yager
Pick #15

Dmitry Simashev
Pick #16

Colby Barlow
Pick #17

Andrew Cristall
Pick #18

Easton Cowan
Pick #19

Jacob Fowler
Pick #20

Oliver Moore
Pick #21

Oliver Bonk
Pick #22

Tom Willander
Pick #23

Calum Ritchie
Pick #24

Tanner Molendyk
Pick #25

Gavin Brindley
Pick #26

Nate Danielson
Pick #27

Pick #28

Pick #29

Pick #30

Pick #31

Pick #32

Pick #33

Pick #34

Pick #35

Pick #36

Pick #37

Pick #38

Pick #39

Pick #40

Pick #41

Pick #42

Pick #43

Pick #44

Pick #45

Pick #46

Pick #47

Pick #48

Pick #49

Pick #50

Pick #51

Pick #52

Pick #53

Pick #54

Pick #55

Pick #56

Pick #57

Pick #58

Pick #59

Pick #60

Pick #61

Pick #62

Pick #63

Pick #64

Pick #65

Pick #66

Pick #67

Pick #68

Pick #69

Pick #70

Pick #71

Pick #72

Pick #73

Pick #74

Pick #75

Pick #76

Pick #77

Pick #78

Pick #79

Pick #80

Pick #81

Pick #82

Pick #83

Pick #84

Pick #85

Pick #86

Pick #87

Pick #88

Pick #89

Pick #90

Pick #91

Pick #92

Pick #93

Pick #94

Pick #95

Pick #96

Pick #97

Pick #98

Pick #99

Pick #100

Pick #101

Pick #102

Pick #103

Pick #104

Pick #105

Pick #106

Pick #107

Pick #108

Pick #109

Pick #110

Pick #111

Pick #112

Pick #113

Pick #114

Pick #115

Pick #116

Pick #117

Pick #118

Pick #119

Pick #120

Pick #121

Pick #122

Pick #123

Pick #124

Pick #125

Pick #126

Pick #127

Pick #128

Pick #129

Pick #130

Full Scoreboard »»

Jets vs Stars

Created - March 24, 2024 at 22:37

Goals
1 2 3 T
Jets 1 1 2 4
Stars 1 1 0 2
Shots
1 2 3 T
Jets 11 6 12 29
Stars 11 10 12 33

GoalsPenalties
1st period
1. Stars , Anton Lundell 10 (Dillon Dube 5, Sean Durzi 28) at 10:09
2. Jets , Joe Veleno 3 (Thomas Novak 9, Mark Jankowski 4) at 18:10
Corey Schueneman (DAL) for Roughing (Minor) at 3:47
2nd period
3. Stars , Daniil Miromanov 2 (Dillon Dube 6, Anton Lundell 8) at 3:36
4. Jets , Torey Krug 10 (Andre Burakovsky 36, Hampus Lindholm 41) at 12:44
Garnet Hathaway (WPG) for Roughing (Minor) at 1:00
Nate Schmidt (WPG) for Holding (Minor) at 9:12
3rd period
5. Jets , Andreas Athanasiou 12 (Garnet Hathaway 9, Torey Krug 30) at 1:58
6. Jets , Nick Schmaltz 27 (Torey Krug 31, Andre Burakovsky 37) at 6:38 (PP)
Nazem Kadri (DAL) for Tripping (Minor) at 6:08
Carter Verhaeghe (DAL) for Hooking (Minor) at 9:42
Sean Durzi (DAL) for Hooking (Minor) at 17:01
Goalie Stats
Darcy Kuemper (WPG), 31 saves from 33 shots - (0.939), W, 34-16-7, 60:00 minutes
Pheonix Copley (DAL), 25 saves from 29 shots - (0.862), L, 8-10-4, 60:00 minutes
3 StarsOfficial
1 - Torey Krug (WPG)
2 - Hampus Lindholm (WPG)
3 - Anton Lundell (DAL)
Referees : Sean MacFarlane and Stephen Hiff
Linesman : Brent Colby and Glen Cooke
Game Note
No Game Note
Finance
Level 1 -- Attendance: 3292 (54.87%) -- Ticket Income $576,100
Level 2 -- Attendance: 3187 (63.74%) -- Ticket Income $398,375
Level 3 -- Attendance: 1615 (80.75%) -- Ticket Income $192,185
Level 4 -- Attendance: 2518 (55.56%) -- Ticket Income $98,202
Luxury Box -- Attendance: 627 (62.70%) -- Ticket Income $188,100
Game was played at the American Airlines Center.
Total Attendance: 11239 (60.65%)
Total Ticket Income: $1,452,962
Other Income: $363,240
Total Income: $1,816,202



Team Name Goals Shots Shots Attemp Shots Blocked PIM HIT PP PK FO%
Jets 42964154121 / 4 (25%)036%
Stars 23376118140 / 2 (0%)164%

Jets
Player Name POS G A P +/- PIM HIT SHT SB MP PP MP PP SHT PK MP PK SHT FO% FOT
Andre BurakovskyLW0220000022:303:4301:0600% 2
Andreas AthanasiouC1011003017:492:4401:17025% 4
Connor MurphyD0000030418:410:0002:0400% 0
Darren HelmC000000217:570:0000:00044% 9
Garnet HathawayRW0111220114:510:0001:0400% 0
Gustav NyquistC0001004118:512:4422:19018% 22
Hampus LindholmD0112022225:253:3602:0400% 0
Jake BeanD0000001221:222:5101:5400% 0
Joe VelenoC1010001010:090:0000:0000% 0
Kieffer BellowsLW000000107:570:0000:00050% 2
Mark JankowskiC0110000010:420:0000:33050% 14
Matt GrzelcykD000-1022113:130:0000:0000% 0
Nate SchmidtD000-1202116:192:5120:0000% 0
Nick SchmaltzC1010014023:013:4321:37046% 28
Oliver BjorkstrandRW0000021021:243:4300:0000% 0
Oskar SundqvistC000000107:570:0000:0000% 0
Thomas NovakC0110002012:532:4400:0000% 2
Torey KrugD1232003224:593:3621:5400% 0
Stars
Player Name POS G A P +/- PIM HIT SHT SB MP PP MP PP SHT PK MP PK SHT FO% FOT
Anton LundellC112100208:490:0004:171100% 1
Carter VerhaegheC0000220016:080:0000:2000% 1
Corey SchuenemanD0001200115:360:0001:4600% 0
Daniil MiromanovD1011003013:510:0000:0000% 0
Dillon DubeC022100006:220:0001:500100% 1
Dylan LarkinC0000002017:411:5200:00063% 19
Elias LindholmC000-1032014:152:0601:47080% 15
Gustav ForslingD000-1000221:261:5103:0700% 0
Jesper BrattLW000-1011021:212:0600:230100% 2
Jonas BrodinD000-1003424:092:0712:4600% 0
Marcus PetterssonD000-1020221:212:0702:4600% 0
Nazem KadriC0000222017:401:5200:00060% 5
Nic DowdC000101108:490:0004:17043% 14
Rickard RakellRW000-1003010:220:0000:000100% 1
Sean DurziD011-1220223:351:5102:2900% 0
Sidney CrosbyC000-1005020:441:5200:00063% 24
Timo MeierRW000-1018020:582:0630:0000% 0
Viktor ArvidssonRW000-1001010:220:0000:0000% 0



Play-by-Play

1st period


0:01 of 1st period - Sidney Crosby wins face-off versus Nick Schmaltz in neutral zone.
0:23 of 1st period - Shot by Sidney Crosby.
0:23 of 1st period - Stopped by Darcy Kuemper without a rebound.
0:24 of 1st period - Gustav Nyquist wins face-off versus Dylan Larkin in Jets zone.
0:37 of 1st period - Shot by Dylan Larkin.
0:37 of 1st period - Shot Misses the Net.
1:39 of 1st period - Shot by Rickard Rakell.
1:39 of 1st period - Shot Misses the Net.
1:41 of 1st period - Shot by Rickard Rakell.
1:41 of 1st period - Stopped by Darcy Kuemper without a rebound.
1:42 of 1st period - Sidney Crosby wins face-off versus Darren Helm in Jets zone.
2:38 of 1st period - Icing by Sidney Crosby.
2:39 of 1st period - Sidney Crosby wins face-off versus Mark Jankowski in Stars zone.
3:10 of 1st period - Icing by Corey Schueneman.
3:11 of 1st period - Nic Dowd wins face-off versus Nick Schmaltz in Stars zone.
3:11 of 1st period - Nic Dowd is hit by Connor Murphy.
3:33 of 1st period - Shot by Nic Dowd.
3:33 of 1st period - Shot Misses the Net.
3:45 of 1st period - Shot by Andre Burakovsky.
3:45 of 1st period - Shot Blocked by Corey Schueneman.
3:47 of 1st period - Shot by Jake Bean.
3:47 of 1st period - Stopped by Pheonix Copley without a rebound.
3:47 of 1st period - Minor Penalty to Corey Schueneman for Roughing.
3:48 of 1st period - Nic Dowd wins face-off versus Andreas Athanasiou in Stars zone.
4:06 of 1st period - Thomas Novak is hit by Marcus Pettersson and loses puck.
4:11 of 1st period - Shot by Andreas Athanasiou.
4:11 of 1st period - Shot Blocked by Marcus Pettersson.
4:13 of 1st period - Shot by Gustav Nyquist.
4:13 of 1st period - Stopped by Pheonix Copley without a rebound.
4:14 of 1st period - Nick Schmaltz wins face-off versus Nic Dowd in Stars zone.
4:15 of 1st period - Shot by Andre Burakovsky.
4:15 of 1st period - Shot Blocked by Sean Durzi.
4:17 of 1st period - Shot by Nate Schmidt.
4:17 of 1st period - Stopped by Pheonix Copley without a rebound.
4:18 of 1st period - Elias Lindholm wins face-off versus Nick Schmaltz in Stars zone.
4:34 of 1st period - Icing by Andre Burakovsky.
4:35 of 1st period - Elias Lindholm wins face-off versus Nick Schmaltz in Jets zone.
6:16 of 1st period - Shot by Jesper Bratt.
6:16 of 1st period - Shot Misses the Net.
6:18 of 1st period - Shot by Daniil Miromanov.
6:18 of 1st period - Stopped by Darcy Kuemper without a rebound.
6:19 of 1st period - Mark Jankowski wins face-off versus Dylan Larkin in Jets zone.
6:53 of 1st period - Icing by Marcus Pettersson.
6:54 of 1st period - Nick Schmaltz wins face-off versus Dylan Larkin in Stars zone.
7:11 of 1st period - Shot by Nick Schmaltz.
7:11 of 1st period - Shot Blocked by Gustav Forsling.
7:13 of 1st period - Shot by Nick Schmaltz.
7:13 of 1st period - Shot Blocked by Marcus Pettersson.
7:24 of 1st period - Oliver Bjorkstrand is hit by Marcus Pettersson and loses puck.
8:13 of 1st period - Andreas Athanasiou is hit by Elias Lindholm and loses puck.
9:05 of 1st period - Shot by Matt Grzelcyk.
9:05 of 1st period - Shot Misses the Net.
10:07 of 1st period - Shot by Dillon Dube.
10:07 of 1st period - Shot Misses the Net.
10:09 of 1st period - Shot by Anton Lundell.
10:09 of 1st period - Goal by Anton Lundell - Jets : 0 - Stars : 1.
10:10 of 1st period - Dylan Larkin wins face-off versus Darren Helm in neutral zone.
10:43 of 1st period - Shot by Dylan Larkin.
10:43 of 1st period - Shot Blocked by Darren Helm.
10:45 of 1st period - Shot by Dylan Larkin.
10:45 of 1st period - Shot Misses the Net.
10:47 of 1st period - Shot by Dylan Larkin.
10:47 of 1st period - Stopped by Darcy Kuemper without a rebound.
10:48 of 1st period - Sidney Crosby wins face-off versus Gustav Nyquist in Jets zone.
10:57 of 1st period - Shot by Timo Meier.
10:57 of 1st period - Stopped by Darcy Kuemper without a rebound.
10:58 of 1st period - Nick Schmaltz wins face-off versus Sidney Crosby in Jets zone.
11:03 of 1st period - Shot by Jesper Bratt.
11:03 of 1st period - Shot Misses the Net.
11:05 of 1st period - Shot by Timo Meier.
11:05 of 1st period - Shot Misses the Net.
11:07 of 1st period - Shot by Sidney Crosby.
11:07 of 1st period - Shot Misses the Net.
11:23 of 1st period - Shot by Jesper Bratt.
11:23 of 1st period - Stopped by Darcy Kuemper without a rebound.
11:24 of 1st period - Rickard Rakell wins face-off versus Gustav Nyquist in Jets zone.
11:27 of 1st period - Shot by Viktor Arvidsson.
11:27 of 1st period - Deflect By Rickard Rakell.
11:27 of 1st period - Stopped by Darcy Kuemper without a rebound.
11:28 of 1st period - Elias Lindholm wins face-off versus Gustav Nyquist in Jets zone.
12:48 of 1st period - Off-side.
12:49 of 1st period - Sidney Crosby wins face-off versus Mark Jankowski in neutral zone.
13:10 of 1st period - Shot by Timo Meier.
13:10 of 1st period - Stopped by Darcy Kuemper without a rebound.
13:11 of 1st period - Nazem Kadri wins face-off versus Darren Helm in Jets zone.
13:18 of 1st period - Shot by Daniil Miromanov.
13:18 of 1st period - Stopped by Darcy Kuemper with a rebound.
14:33 of 1st period - Shot by Oliver Bjorkstrand.
14:33 of 1st period - Shot Misses the Net.
14:36 of 1st period - Icing by Marcus Pettersson.
14:37 of 1st period - Sidney Crosby wins face-off versus Gustav Nyquist in Stars zone.
15:35 of 1st period - Jonas Brodin is hit by Garnet Hathaway and loses puck.
16:17 of 1st period - Icing by Torey Krug.
16:18 of 1st period - Dylan Larkin wins face-off versus Nick Schmaltz in Jets zone.
16:39 of 1st period - Shot by Dylan Larkin.
16:39 of 1st period - Stopped by Darcy Kuemper without a rebound.
16:40 of 1st period - Mark Jankowski wins face-off versus Sidney Crosby in Jets zone.
16:58 of 1st period - Shot by Thomas Novak.
16:58 of 1st period - Stopped by Pheonix Copley without a rebound.
16:59 of 1st period - Darren Helm wins face-off versus Dylan Larkin in Stars zone.
17:18 of 1st period - Shot by Oskar Sundqvist.
17:18 of 1st period - Stopped by Pheonix Copley with a rebound.
17:20 of 1st period - Shot by Matt Grzelcyk.
17:20 of 1st period - Stopped by Pheonix Copley with a rebound.
17:22 of 1st period - Shot by Kieffer Bellows.
17:22 of 1st period - Shot Misses the Net.
17:58 of 1st period - Shot by Andre Burakovsky.
17:58 of 1st period - Shot Misses the Net.
18:02 of 1st period - Shot by Oliver Bjorkstrand.
18:02 of 1st period - Shot Misses the Net.
18:04 of 1st period - Shot by Hampus Lindholm.
18:04 of 1st period - Shot Misses the Net.
18:06 of 1st period - Shot by Hampus Lindholm.
18:06 of 1st period - Stopped by Pheonix Copley with a rebound.
18:08 of 1st period - Shot by Hampus Lindholm.
18:08 of 1st period - Stopped by Pheonix Copley without a rebound.
18:09 of 1st period - Mark Jankowski wins face-off versus Nic Dowd in Stars zone.
18:10 of 1st period - Shot by Thomas Novak.
18:10 of 1st period - Deflect By Joe Veleno.
18:10 of 1st period - Goal by Joe Veleno - Jets : 1 - Stars : 1.
18:11 of 1st period - Sidney Crosby wins face-off versus Thomas Novak in neutral zone.
18:38 of 1st period - Shot by Connor Murphy.
18:38 of 1st period - Shot Misses the Net.
18:45 of 1st period - Thomas Novak is hit by Sean Durzi and loses puck.
18:51 of 1st period - Icing by Jonas Brodin.
18:52 of 1st period - Nick Schmaltz wins face-off versus Sidney Crosby in Stars zone.
19:19 of 1st period - Shot by Oliver Bjorkstrand.
19:19 of 1st period - Stopped by Pheonix Copley without a rebound.
19:20 of 1st period - Anton Lundell wins face-off versus Gustav Nyquist in Stars zone.
19:37 of 1st period - Shot by Matt Grzelcyk.
19:37 of 1st period - Stopped by Pheonix Copley without a rebound.
19:38 of 1st period - Dylan Larkin wins face-off versus Mark Jankowski in Stars zone.
Goals for this period are 1 for Jets vs 1 for Stars.
Shots for this period are 11 for Jets vs 11 for Stars.

2nd period


0:01 of 2nd period - Gustav Nyquist wins face-off versus Sidney Crosby in neutral zone.
0:10 of 2nd period - Shot by Andreas Athanasiou.
0:10 of 2nd period - Shot Blocked by Jonas Brodin.
0:13 of 2nd period - Icing by Jonas Brodin.
0:14 of 2nd period - Sidney Crosby wins face-off versus Nick Schmaltz in Stars zone.
0:29 of 2nd period - Shot by Sidney Crosby.
0:29 of 2nd period - Stopped by Darcy Kuemper without a rebound.
0:30 of 2nd period - Gustav Nyquist wins face-off versus Elias Lindholm in Jets zone.
0:30 of 2nd period - Gustav Nyquist is hit by Elias Lindholm.
1:00 of 2nd period - Minor Penalty to Garnet Hathaway for Roughing.
1:01 of 2nd period - Dylan Larkin wins face-off versus Gustav Nyquist in Jets zone.
1:06 of 2nd period - Shot by Gustav Forsling.
1:06 of 2nd period - Shot Misses the Net.
1:34 of 2nd period - Shot by Sean Durzi.
1:34 of 2nd period - Shot Blocked by Gustav Nyquist.
2:26 of 2nd period - Shot by Timo Meier.
2:26 of 2nd period - Stopped by Darcy Kuemper without a rebound.
2:27 of 2nd period - Elias Lindholm wins face-off versus Gustav Nyquist in Jets zone.
2:40 of 2nd period - Shot by Timo Meier.
2:40 of 2nd period - Stopped by Darcy Kuemper with a rebound.
2:42 of 2nd period - Shot by Marcus Pettersson.
2:42 of 2nd period - Shot Misses the Net.
3:30 of 2nd period - Shot by Dillon Dube.
3:30 of 2nd period - Shot Misses the Net.
3:32 of 2nd period - Shot by Anton Lundell.
3:32 of 2nd period - Deflect By Dillon Dube.
3:32 of 2nd period - Shot Blocked by Matt Grzelcyk.
3:34 of 2nd period - Shot by Daniil Miromanov.
3:34 of 2nd period - Shot Misses the Net.
3:36 of 2nd period - Shot by Daniil Miromanov.
3:36 of 2nd period - Goal by Daniil Miromanov - Jets : 1 - Stars : 2.
3:37 of 2nd period - Darren Helm wins face-off versus Nazem Kadri in neutral zone.
3:49 of 2nd period - Icing by Jonas Brodin.
3:50 of 2nd period - Dylan Larkin wins face-off versus Nick Schmaltz in Stars zone.
4:07 of 2nd period - Icing by Nazem Kadri.
4:08 of 2nd period - Dylan Larkin wins face-off versus Mark Jankowski in Stars zone.
4:18 of 2nd period - Icing by Dylan Larkin.
4:19 of 2nd period - Nazem Kadri wins face-off versus Nick Schmaltz in Stars zone.
4:44 of 2nd period - Shot by Dylan Larkin.
4:44 of 2nd period - Shot Misses the Net.
5:00 of 2nd period - Shot by Oliver Bjorkstrand.
5:00 of 2nd period - Shot Blocked by Jonas Brodin.
5:32 of 2nd period - Off-side.
5:33 of 2nd period - Sidney Crosby wins face-off versus Darren Helm in neutral zone.
7:51 of 2nd period - Shot by Gustav Nyquist.
7:51 of 2nd period - Stopped by Pheonix Copley without a rebound.
7:52 of 2nd period - Sidney Crosby wins face-off versus Mark Jankowski in Stars zone.
8:06 of 2nd period - Shot by Sidney Crosby.
8:06 of 2nd period - Shot Misses the Net.
8:08 of 2nd period - Shot by Sidney Crosby.
8:08 of 2nd period - Shot Misses the Net.
8:10 of 2nd period - Shot by Jesper Bratt.
8:10 of 2nd period - Shot Blocked by Connor Murphy.
8:12 of 2nd period - Shot by Sidney Crosby.
8:12 of 2nd period - Deflect By Timo Meier.
8:12 of 2nd period - Stopped by Darcy Kuemper without a rebound.
8:13 of 2nd period - Dylan Larkin wins face-off versus Gustav Nyquist in Jets zone.
8:14 of 2nd period - Shot by Nazem Kadri.
8:14 of 2nd period - Stopped by Darcy Kuemper with a rebound.
8:16 of 2nd period - Shot by Nazem Kadri.
8:16 of 2nd period - Shot Blocked by Garnet Hathaway.
8:37 of 2nd period - Nazem Kadri is hit by Matt Grzelcyk and loses puck.
8:41 of 2nd period - Dylan Larkin is hit by Matt Grzelcyk and loses puck.
8:54 of 2nd period - Shot by Dylan Larkin.
8:54 of 2nd period - Shot Blocked by Nate Schmidt.
9:03 of 2nd period - Icing by Nate Schmidt.
9:04 of 2nd period - Sidney Crosby wins face-off versus Gustav Nyquist in Jets zone.
9:12 of 2nd period - Minor Penalty to Nate Schmidt for Holding.
9:13 of 2nd period - Elias Lindholm wins face-off versus Gustav Nyquist in Jets zone.
9:13 of 2nd period - Gustav Forsling is hit by Connor Murphy and loses puck.
9:30 of 2nd period - Shot by Timo Meier.
9:30 of 2nd period - Stopped by Darcy Kuemper with a rebound.
9:32 of 2nd period - Shot by Sean Durzi.
9:32 of 2nd period - Shot Blocked by Hampus Lindholm.
10:24 of 2nd period - Shot by Nazem Kadri.
10:24 of 2nd period - Shot Misses the Net.
10:26 of 2nd period - Shot by Jonas Brodin.
10:26 of 2nd period - Shot Blocked by Connor Murphy.
10:28 of 2nd period - Shot by Jonas Brodin.
10:28 of 2nd period - Stopped by Darcy Kuemper without a rebound.
10:29 of 2nd period - Dylan Larkin wins face-off versus Gustav Nyquist in Jets zone.
10:30 of 2nd period - Shot by Jonas Brodin.
10:30 of 2nd period - Shot Misses the Net.
10:46 of 2nd period - Shot by Sidney Crosby.
10:46 of 2nd period - Shot Misses the Net.
11:18 of 2nd period - Shot by Dillon Dube.
11:18 of 2nd period - Shot Misses the Net.
11:20 of 2nd period - Shot by Nic Dowd.
11:20 of 2nd period - Stopped by Darcy Kuemper without a rebound.
11:21 of 2nd period - Nick Schmaltz wins face-off versus Nic Dowd in Jets zone.
11:36 of 2nd period - Shot by Nick Schmaltz.
11:36 of 2nd period - Stopped by Pheonix Copley without a rebound.
11:37 of 2nd period - Mark Jankowski wins face-off versus Elias Lindholm in Stars zone.
12:09 of 2nd period - Shot by Thomas Novak.
12:09 of 2nd period - Shot Blocked by Jonas Brodin.
12:11 of 2nd period - Shot by Thomas Novak.
12:11 of 2nd period - Shot Misses the Net.
12:44 of 2nd period - Shot by Torey Krug.
12:44 of 2nd period - Goal by Torey Krug - Jets : 2 - Stars : 2.
12:45 of 2nd period - Sidney Crosby wins face-off versus Kieffer Bellows in neutral zone.
12:48 of 2nd period - Darren Helm is hit by Timo Meier and loses puck.
14:16 of 2nd period - Shot by Andre Burakovsky.
14:16 of 2nd period - Shot Misses the Net.
14:30 of 2nd period - Shot by Torey Krug.
14:30 of 2nd period - Shot Misses the Net.
15:04 of 2nd period - Shot by Elias Lindholm.
15:04 of 2nd period - Deflect By Rickard Rakell.
15:04 of 2nd period - Stopped by Darcy Kuemper without a rebound.
15:05 of 2nd period - Sidney Crosby wins face-off versus Mark Jankowski in Jets zone.
15:13 of 2nd period - Icing by Jake Bean.
15:14 of 2nd period - Sidney Crosby wins face-off versus Mark Jankowski in Jets zone.
15:21 of 2nd period - Shot by Sean Durzi.
15:21 of 2nd period - Deflect By Sidney Crosby.
15:21 of 2nd period - Shot Blocked by Connor Murphy.
15:26 of 2nd period - Jake Bean is hit by Sean Durzi and loses puck.
16:22 of 2nd period - Shot by Andreas Athanasiou.
16:22 of 2nd period - Stopped by Pheonix Copley without a rebound.
16:23 of 2nd period - Nick Schmaltz wins face-off versus Nic Dowd in Stars zone.
16:31 of 2nd period - Shot by Andre Burakovsky.
16:31 of 2nd period - Deflect By Nick Schmaltz.
16:31 of 2nd period - Stopped by Pheonix Copley without a rebound.
16:32 of 2nd period - Nick Schmaltz wins face-off versus Dylan Larkin in Stars zone.
16:39 of 2nd period - Shot by Oliver Bjorkstrand.
16:39 of 2nd period - Shot Misses the Net.
16:49 of 2nd period - Icing by Hampus Lindholm.
16:50 of 2nd period - Elias Lindholm wins face-off versus Andre Burakovsky in Jets zone.
18:59 of 2nd period - Shot by Joe Veleno.
18:59 of 2nd period - Shot Misses the Net.
19:03 of 2nd period - Shot by Thomas Novak.
19:03 of 2nd period - Stopped by Pheonix Copley without a rebound.
19:04 of 2nd period - Kieffer Bellows wins face-off versus Dylan Larkin in Stars zone.
19:32 of 2nd period - Off-side.
19:33 of 2nd period - Mark Jankowski wins face-off versus Elias Lindholm in neutral zone.
19:33 of 2nd period - Mark Jankowski is hit by Elias Lindholm.
19:41 of 2nd period - Shot by Thomas Novak.
19:41 of 2nd period - Shot Misses the Net.
19:43 of 2nd period - Shot by Connor Murphy.
19:43 of 2nd period - Shot Misses the Net.
19:45 of 2nd period - Shot by Connor Murphy.
19:45 of 2nd period - Shot Misses the Net.
Goals for this period are 1 for Jets vs 1 for Stars.
Shots for this period are 6 for Jets vs 10 for Stars.

3rd period


0:01 of 3rd period - Gustav Nyquist wins face-off versus Sidney Crosby in neutral zone.
0:12 of 3rd period - Sean Durzi is hit by Hampus Lindholm and loses puck.
0:17 of 3rd period - Shot by Timo Meier.
0:17 of 3rd period - Shot Blocked by Hampus Lindholm.
0:19 of 3rd period - Shot by Jonas Brodin.
0:19 of 3rd period - Shot Misses the Net.
0:21 of 3rd period - Shot by Jonas Brodin.
0:21 of 3rd period - Shot Blocked by Torey Krug.
0:23 of 3rd period - Shot by Jesper Bratt.
0:23 of 3rd period - Shot Misses the Net.
0:25 of 3rd period - Shot by Timo Meier.
0:25 of 3rd period - Stopped by Darcy Kuemper without a rebound.
0:26 of 3rd period - Dylan Larkin wins face-off versus Nick Schmaltz in Jets zone.
0:26 of 3rd period - Dylan Larkin is hit by Connor Murphy.
0:28 of 3rd period - Shot by Carter Verhaeghe.
0:28 of 3rd period - Deflect By Nazem Kadri.
0:28 of 3rd period - Stopped by Darcy Kuemper without a rebound.
0:29 of 3rd period - Nick Schmaltz wins face-off versus Nazem Kadri in Jets zone.
0:29 of 3rd period - Nick Schmaltz is hit by Nazem Kadri.
0:39 of 3rd period - Shot by Nick Schmaltz.
0:39 of 3rd period - Shot Blocked by Gustav Forsling.
0:41 of 3rd period - Shot by Nick Schmaltz.
0:41 of 3rd period - Deflect By Oliver Bjorkstrand.
0:41 of 3rd period - Shot Misses the Net.
0:43 of 3rd period - Shot by Nick Schmaltz.
0:43 of 3rd period - Shot Misses the Net.
0:47 of 3rd period - Shot by Andre Burakovsky.
0:47 of 3rd period - Shot Misses the Net.
1:13 of 3rd period - Shot by Nick Schmaltz.
1:13 of 3rd period - Shot Misses the Net.
1:56 of 3rd period - Shot by Garnet Hathaway.
1:56 of 3rd period - Shot Misses the Net.
1:58 of 3rd period - Shot by Andreas Athanasiou.
1:58 of 3rd period - Goal by Andreas Athanasiou - Jets : 3 - Stars : 2.
1:59 of 3rd period - Mark Jankowski wins face-off versus Nic Dowd in neutral zone.
2:40 of 3rd period - Shot by Nic Dowd.
2:40 of 3rd period - Shot Misses the Net.
3:12 of 3rd period - Shot by Jesper Bratt.
3:12 of 3rd period - Shot Misses the Net.
3:14 of 3rd period - Shot by Jonas Brodin.
3:14 of 3rd period - Stopped by Darcy Kuemper without a rebound.
3:15 of 3rd period - Nick Schmaltz wins face-off versus Dylan Larkin in Jets zone.
3:15 of 3rd period - Hampus Lindholm is hit by Carter Verhaeghe and loses puck.
3:59 of 3rd period - Torey Krug is hit by Carter Verhaeghe and loses puck.
4:25 of 3rd period - Off-side.
4:26 of 3rd period - Elias Lindholm wins face-off versus Gustav Nyquist in neutral zone.
4:34 of 3rd period - Shot by Elias Lindholm.
4:34 of 3rd period - Shot Misses the Net.
4:36 of 3rd period - Shot by Elias Lindholm.
4:36 of 3rd period - Deflect By Viktor Arvidsson.
4:36 of 3rd period - Shot Misses the Net.
4:38 of 3rd period - Shot by Corey Schueneman.
4:38 of 3rd period - Shot Misses the Net.
4:40 of 3rd period - Shot by Rickard Rakell.
4:40 of 3rd period - Shot Blocked by Jake Bean.
4:42 of 3rd period - Shot by Viktor Arvidsson.
4:42 of 3rd period - Stopped by Darcy Kuemper without a rebound.
4:43 of 3rd period - Jesper Bratt wins face-off versus Darren Helm in Jets zone.
5:02 of 3rd period - Shot by Jesper Bratt.
5:02 of 3rd period - Shot Blocked by Connor Murphy.
5:04 of 3rd period - Shot by Timo Meier.
5:04 of 3rd period - Shot Misses the Net.
5:22 of 3rd period - Shot by Darren Helm.
5:22 of 3rd period - Stopped by Pheonix Copley without a rebound.
5:23 of 3rd period - Dylan Larkin wins face-off versus Gustav Nyquist in Stars zone.
5:48 of 3rd period - Shot by Matt Grzelcyk.
5:48 of 3rd period - Shot Misses the Net.
6:08 of 3rd period - Minor Penalty to Nazem Kadri for Tripping.
6:09 of 3rd period - Nick Schmaltz wins face-off versus Nic Dowd in Stars zone.
6:34 of 3rd period - Shot by Andre Burakovsky.
6:34 of 3rd period - Shot Misses the Net.
6:36 of 3rd period - Shot by Torey Krug.
6:36 of 3rd period - Shot Misses the Net.
6:38 of 3rd period - Shot by Nick Schmaltz.
6:38 of 3rd period - Goal by Nick Schmaltz - Jets : 4 - Stars : 2.
6:39 of 3rd period - Darren Helm wins face-off versus Sidney Crosby in neutral zone.
7:22 of 3rd period - Shot by Darren Helm.
7:22 of 3rd period - Stopped by Pheonix Copley without a rebound.
7:23 of 3rd period - Elias Lindholm wins face-off versus Nick Schmaltz in Stars zone.
7:23 of 3rd period - Elias Lindholm is hit by Oliver Bjorkstrand.
7:42 of 3rd period - Icing by Sean Durzi.
7:43 of 3rd period - Elias Lindholm wins face-off versus Gustav Nyquist in Stars zone.
7:57 of 3rd period - Shot by Elias Lindholm.
7:57 of 3rd period - Stopped by Darcy Kuemper with a rebound.
7:59 of 3rd period - Shot by Elias Lindholm.
7:59 of 3rd period - Stopped by Darcy Kuemper with a rebound.
8:01 of 3rd period - Shot by Jonas Brodin.
8:01 of 3rd period - Stopped by Darcy Kuemper without a rebound.
8:02 of 3rd period - Nick Schmaltz wins face-off versus Sidney Crosby in Jets zone.
8:09 of 3rd period - Shot by Sidney Crosby.
8:09 of 3rd period - Stopped by Darcy Kuemper without a rebound.
8:10 of 3rd period - Nick Schmaltz wins face-off versus Sidney Crosby in Jets zone.
8:25 of 3rd period - Hampus Lindholm is hit by Jesper Bratt and loses puck.
9:17 of 3rd period - Shot by Gustav Nyquist.
9:17 of 3rd period - Deflect By Andreas Athanasiou.
9:17 of 3rd period - Stopped by Pheonix Copley with a rebound.
9:37 of 3rd period - Icing by Jake Bean.
9:38 of 3rd period - Dylan Larkin wins face-off versus Gustav Nyquist in Jets zone.
9:42 of 3rd period - Minor Penalty to Carter Verhaeghe for Hooking.
9:43 of 3rd period - Nic Dowd wins face-off versus Nick Schmaltz in Stars zone.
10:03 of 3rd period - Nic Dowd is hit by Hampus Lindholm and loses puck.
10:16 of 3rd period - Shot by Nick Schmaltz.
10:16 of 3rd period - Stopped by Pheonix Copley without a rebound.
10:17 of 3rd period - Nic Dowd wins face-off versus Andreas Athanasiou in Stars zone.
10:32 of 3rd period - Shot by Gustav Nyquist.
10:32 of 3rd period - Stopped by Pheonix Copley with a rebound.
10:58 of 3rd period - Shot by Andreas Athanasiou.
10:58 of 3rd period - Shot Blocked by Sean Durzi.
11:36 of 3rd period - Shot by Torey Krug.
11:36 of 3rd period - Stopped by Pheonix Copley with a rebound.
11:38 of 3rd period - Shot by Torey Krug.
11:38 of 3rd period - Stopped by Pheonix Copley without a rebound.
11:39 of 3rd period - Dillon Dube wins face-off versus Nick Schmaltz in Stars zone.
11:45 of 3rd period - Icing by Connor Murphy.
11:46 of 3rd period - Darren Helm wins face-off versus Sidney Crosby in Jets zone.
11:59 of 3rd period - Shot by Kieffer Bellows.
11:59 of 3rd period - Stopped by Pheonix Copley without a rebound.
12:00 of 3rd period - Nazem Kadri wins face-off versus Andre Burakovsky in Stars zone.
12:26 of 3rd period - Off-side.
12:27 of 3rd period - Jesper Bratt wins face-off versus Gustav Nyquist in neutral zone.
12:58 of 3rd period - Shot by Gustav Nyquist.
12:58 of 3rd period - Stopped by Pheonix Copley without a rebound.
12:59 of 3rd period - Dylan Larkin wins face-off versus Nick Schmaltz in Stars zone.
13:45 of 3rd period - Carter Verhaeghe is hit by Oliver Bjorkstrand and loses puck.
14:39 of 3rd period - Shot by Sidney Crosby.
14:39 of 3rd period - Stopped by Darcy Kuemper without a rebound.
14:40 of 3rd period - Elias Lindholm wins face-off versus Gustav Nyquist in Jets zone.
15:50 of 3rd period - Gustav Forsling is hit by Nick Schmaltz and loses puck.
16:23 of 3rd period - Shot by Sidney Crosby.
16:23 of 3rd period - Stopped by Darcy Kuemper without a rebound.
16:24 of 3rd period - Mark Jankowski wins face-off versus Carter Verhaeghe in Jets zone.
16:24 of 3rd period - Mark Jankowski is hit by Nazem Kadri.
17:01 of 3rd period - Minor Penalty to Sean Durzi for Hooking.
17:02 of 3rd period - Nic Dowd wins face-off versus Nick Schmaltz in Stars zone.
17:53 of 3rd period - Shot by Andreas Athanasiou.
17:53 of 3rd period - Deflect By Thomas Novak.
17:53 of 3rd period - Shot Blocked by Jonas Brodin.
17:55 of 3rd period - Shot by Nate Schmidt.
17:55 of 3rd period - Shot Misses the Net.
17:57 of 3rd period - Shot by Nate Schmidt.
17:57 of 3rd period - Stopped by Pheonix Copley without a rebound.
17:58 of 3rd period - Elias Lindholm wins face-off versus Andreas Athanasiou in Stars zone.
18:08 of 3rd period - Icing by Jake Bean.
18:09 of 3rd period - Andreas Athanasiou wins face-off versus Nic Dowd in Jets zone.
18:09 of 3rd period - Andreas Athanasiou is hit by Nic Dowd.
18:29 of 3rd period - Icing by Nate Schmidt.
18:30 of 3rd period - Nic Dowd wins face-off versus Thomas Novak in Jets zone.
18:31 of 3rd period - Shot by Anton Lundell.
18:31 of 3rd period - Stopped by Darcy Kuemper without a rebound.
18:32 of 3rd period - Nick Schmaltz wins face-off versus Nic Dowd in Jets zone.
19:00 of 3rd period - Off-side.
19:01 of 3rd period - Sidney Crosby wins face-off versus Gustav Nyquist in neutral zone.
19:01 of 3rd period - Sidney Crosby is hit by Garnet Hathaway.
19:26 of 3rd period - Shot by Jesper Bratt.
19:26 of 3rd period - Shot Blocked by Jake Bean.
19:32 of 3rd period - Shot by Timo Meier.
19:32 of 3rd period - Stopped by Darcy Kuemper without a rebound.
19:33 of 3rd period - Elias Lindholm wins face-off versus Nick Schmaltz in Jets zone.
19:34 of 3rd period - Shot by Viktor Arvidsson.
19:34 of 3rd period - Shot Blocked by Torey Krug.
Goals for this period are 2 for Jets vs 0 for Stars.
Shots for this period are 12 for Jets vs 12 for Stars.